 Dungeon Crawl Stone Soup version 0.31-a0-771-g505c3d19dc (webtiles) character file.

Game seed: 17679045607034266279

23 cforsyth the Sneak (level 3, 0/30 HPs)
             Began as a Djinni Delver on Sept 16, 2023.
             Slain by an ufetubus (2 damage)
             ... on level 4 of the Dungeon.
             The game lasted 00:01:26 (671 turns).

cforsyth the Sneak (Djinni Delver)                   Turns: 671, Time: 00:01:26

Health: 0/30       AC:  3    Str: 11    XL:     3   Next: 12%
Gold:   15         EV: 12    Int: 13    God:
                   SH:  0    Dex: 14

rFire   + + .        a - +0 falchion
rCold   x . .        (no shield)
rNeg    . . .        b - +0 leather armour
rPois   ∞            (no helmet)
rElec   .            (no cloak)
rCorr   .            (no gloves)
SInv    .            (boots unavailable)
Will    .....        (no amulet)
Stlth   ++           (no ring)
HPRegen 0.25/turn    (no ring)
MPRegen 0.00/turn

%: infuse magic (-1 HP)
@: flying
A: sickness immunity, fire resistance 2, cold vulnerability 1, float, innate
caster, HP casting, extra vitality 1
a: no special abilities


You were on level 4 of the Dungeon.
You visited 1 branch of the dungeon, and saw 2 of its levels.

You collected 15 gold pieces.

Inventory:

Hand Weapons
 a - a +0 falchion (weapon)
Armour
 b - a +0 leather armour (worn)
Wands
 g - a wand of digging (3)
Scrolls
 c - a scroll of fog
 d - a scroll of revelation
 h - a scroll of vulnerability {unknown}
 m - a scroll of identify
Potions
 f - a potion of haste
 i - 2 potions of heal wounds {unknown}
 k - a potion of enlightenment {unknown}
 l - a potion of might {unknown}
 n - 2 potions of brilliance {unknown}
 o - 2 potions of attraction


   Skills:
 + Level 3.5 Fighting
 - Level 1.7 Long Blades
 - Level 2.1 Dodging
 - Level 4.1 Stealth
 + Level 1.1 Spellcasting
 + Level 1.1 Conjurations
 + Level 1.1 Hexes
   Level 0.0 Charms
 + Level 1.1 Summonings
 + Level 1.1 Necromancy
 + Level 1.1 Translocations
 + Level 1.1 Transmutations
 + Level 1.1 Fire Magic
 + Level 1.1 Ice Magic
 + Level 1.1 Air Magic
 + Level 1.1 Earth Magic
 + Level 1.1 Poison Magic


You knew the following spells:

 Your Spells              Type           Power      Damage    Failure   Level
a - Sting                 Tmut/Pois      12%        1d3       24%         1
Your spell library was empty.

Dungeon Overview and Level Annotations

Branches:
Dungeon (5/15)
 Temple: D:4-7

Altars:

Annotations:
D:5 2 transporters, Blork the orc; Dowan; cforsyth's ghost, weakling DjDe


Innate Abilities, Weirdness & Mutations

You are immune to sickness and miasma.
You are immune to poison.
Your flesh is very heat resistant. (rF++)
You are vulnerable to cold. (rC-)
You float through the air rather than walking.
You learn spells naturally, not from books.
Your magical power is your life essence.
You have superior vitality. (+4 MHP)


Message History

The ufetubus barely misses you. The ufetubus closely misses you. x2
The ufetubus hits you.
You barely miss the ufetubus.
The ufetubus is moderately wounded.
The ufetubus hits you. The ufetubus barely misses you. The ufetubus hits you.
The ufetubus misses you.
You hit the ufetubus.
The ufetubus is heavily wounded.
The ufetubus barely misses you. The ufetubus hits you. x3
You are too injured to fight recklessly!
You are too injured to fight recklessly!
You are too injured to fight recklessly!
You are too injured to fight recklessly!
You are too injured to fight recklessly!
You are too injured to fight recklessly!
You are too injured to fight recklessly!
You are too injured to fight recklessly!
You are too injured to fight recklessly!
You closely miss the ufetubus.
The ufetubus is heavily wounded.
The ufetubus completely misses you. The ufetubus hits you.
* * * LOW HITPOINT WARNING * * *
The ufetubus hits you.
* * * LOW HITPOINT WARNING * * *
The ufetubus barely misses you.
You hit the ufetubus.
The ufetubus is severely wounded.
The ufetubus barely misses you. The ufetubus closely misses you.
You closely miss the ufetubus.
The ufetubus is severely wounded.
The ufetubus hits you but does no damage.
The ufetubus misses you. The ufetubus completely misses you.
The ufetubus hits you.
* * * LOW HITPOINT WARNING * * *
You closely miss the ufetubus.
The ufetubus is severely wounded.
The ufetubus barely misses you.
The ufetubus hits you but does no damage. x2
The ufetubus hits you.
You die...

.# #.# #.# #.# #.#
#.#
.#########.#####.#
......5@..........
##########.#####.
.........#
##########


You could see an ufetubus.

Vanquished Creatures
  An adder (D:4)
  A dart slug (D:5)
  4 orcs (D:5)
  A ball python (D:4)
  A giant cockroach (D:4)
8 creatures vanquished.

Notes
Turn   | Place    | Note
-------+----------+-------------------------------------------
     0 | D:5      | cforsyth the Djinni Delver began the quest for the Orb.
     0 | D:5      | Reached XP level 1. HP: 20/20 MP: 0/0
   157 | D:5      | Noticed Dowan
   255 | D:5      | Reached XP level 2. HP: 13/25 MP: 0/0
   375 | D:5      | Found a transporter.
   382 | D:5      | Noticed a killer bee
   389 | D:5      | Noticed a killer bee
   397 | D:5      | Noticed a killer bee
   397 | D:5      | Noticed a killer bee
   411 | D:5      | Noticed a killer bee
   429 | D:5      | Noticed Blork the orc
   439 | D:5      | Found a transporter.
   440 | D:5      | Noticed cforsyth's ghost (weakling DjDe)
   459 | D:5      | Noticed a troll
   539 | D:4      | Reached skill level 1 in Spellcasting
   539 | D:4      | Reached skill level 1 in Conjurations
   539 | D:4      | Reached skill level 1 in Hexes
   539 | D:4      | Reached skill level 1 in Summonings
   539 | D:4      | Reached skill level 1 in Necromancy
   539 | D:4      | Reached skill level 1 in Translocations
   539 | D:4      | Reached skill level 1 in Transmutations
   539 | D:4      | Reached skill level 1 in Fire Magic
   539 | D:4      | Reached skill level 1 in Ice Magic
   539 | D:4      | Reached skill level 1 in Air Magic
   539 | D:4      | Reached skill level 1 in Earth Magic
   539 | D:4      | Reached skill level 1 in Poison Magic
   539 | D:4      | Reached XP level 3. HP: 26/30 MP: 0/0
   539 | D:4      | Learned a level 1 spell: Sting
   671 | D:4      | Slain by an ufetubus

Illustrated notes

Levels and vault maps discovered:
D:4:      layout_basic, minmay_ogre_servants
D:5:      layout_basic, gammafunk_ghost_hive, uniq_blork_the_orc, uniq_duvessa

Skill      XL: |  1  2 |
---------------+-------+-----
Spellcasting   | 1 |  1.1
Conjurations   | 1 |  1.1
Hexes          | 1 |  1.1
Summonings     | 1 |  1.1
Necromancy     | 1 |  1.1
Translocations | 1 |  1.1
Transmutations | 1 |  1.1
Fire Magic     | 1 |  1.1
Ice Magic      | 1 |  1.1
Air Magic      | 1 |  1.1
Earth Magic    | 1 |  1.1
Poison Magic   | 1 |  1.1
Fighting       | |  3.5
Long Blades    | |  1.7
Dodging        | |  2.1
Stealth        | |  4.1

Action                     || total
---------------------------++-------
  Melee: Falchion          ||    52
    Use: Scroll            ||     3
   Stab: Sleeping          ||     2
 Armour: Leather armour    ||    42
  Dodge: Dodged            ||    48

Table legend: (Time is in decaauts)
 A = Elapsed time spent in this place.
 B = Non-inter-level travel time spent in this place.
 C = Inter-level travel time spent in this place.
 D = Time resting spent in this place.
 E = Time spent auto-exploring this place.
 F = Levels seen in this place.
 G = Mean time per level.
                   A        B        C        D        E       F      G
               +--------+--------+--------+--------+--------+-----+--------+
         Total |    681 |    672 |      9 |      0 |    430 |   2 |  340.5 |
       Dungeon |    681 |    672 |      9 |      0 |    430 |   2 |  340.5 |
               +--------+--------+--------+--------+--------+-----+--------+

Top non-repeatable levels by time:
     D:5: 481 daAuts
     D:4: 200 daAuts
